 Dungeon Crawl Stone Soup version 0.30.0-10-gfe55d96785 (webtiles) character file.

Game seed: 436184896253826826

82097 browni3141 the Warrior (level 15, -9/174 HPs)
             Began as an Ogre Cinder Acolyte on May 15, 2023.
             Was an Elder of the Shining One.
             Hit by a javelin thrown by Urug (17 damage)
             ... on level 13 of the Dungeon.
             The game lasted 00:53:32 (24960 turns).

browni3141 the Warrior (Ogre Cinder Acolyte)       Turns: 24960, Time: 00:53:33

Health: -9/174     AC: 11    Str: 34    XL:     15   Next: 72%
Magic:  16/21      EV:  9    Int: 18    God:    the Shining One [****..]
Gold:   1858       SH:  8    Dex:  4    Spells: 6/22 levels left

rFire   . . .        z - +4 halberd (freeze)
rCold   . . .        (shield currently unavailable)
rNeg    + + .        b - +0 acid dragon scales
rPois   +            G - +2 hat {Int+3}
rElec   .            j - +1 cloak
rCorr   +            (gloves unavailable)
SInv    .            (boots unavailable)
Will    +....        P - amulet of regeneration Stlth
                     I - ring of poison resistance
HPRegen 1.29/turn    w - +6 ring of strength
MPRegen 0.17/turn

%: no passive effects
@: divinely shielded, swift, glowing, fire susceptible, quick
A: large, unfitting armour, tough skin 1
a: Renounce Religion, Divine Shield, Cleansing Flame


You were on level 13 of the Dungeon.
You worshipped the Shining One.
The Shining One was greatly pleased with you.
You visited 4 branches of the dungeon, and saw 21 of its levels.
You also visited: Sewer.

You collected 2488 gold pieces.
You spent 630 gold pieces at shops.

Inventory:

Hand Weapons
 x - a +1 flail of protection
 z - a +4 halberd of freezing (weapon)
Missiles
 m - 21 poisoned darts
 J - 3 javelins
 O - 11 large rocks
 T - 21 boomerangs (quivered)
 Z - 2 throwing nets
Armour
 b - +0 acid dragon scales (worn)
 f - a +2 robe of willpower
 j - a +1 cloak (worn)
 l - a +1 robe of resistance
 G - a +2 hat of intelligence (worn)
Jewellery
 a - a ring of flight
 q - a ring of protection from fire
 w - a +6 ring of strength (right hand)
 y - a ring of wizardry
 I - a ring of poison resistance (left hand)
 P - an amulet of regeneration (around neck)
Wands
 e - a wand of mindburst (3)
 p - a wand of polymorph (6)
 V - a wand of flame (17)
Scrolls
 g - 8 scrolls of teleportation
 r - 6 scrolls of identify
 s - a scroll of blinking
 u - 5 scrolls of vulnerability
 v - 3 scrolls of poison
 A - 3 scrolls of brand weapon
 F - 3 scrolls of fog
 H - 2 scrolls of immolation
 K - 2 scrolls of magic mapping {unknown}
 R - 5 scrolls of enchant weapon
 S - 2 scrolls of butterflies {unknown}
 U - 2 scrolls of noise {unknown}
 W - 3 scrolls of enchant armour
 Y - 5 scrolls of amnesia {unknown}
Potions
 c - a potion of cancellation
 d - 7 potions of mutation
 h - 6 potions of haste
 i - 2 potions of degeneration
 k - 2 potions of invisibility {unknown}
 o - a potion of heal wounds {unknown}
 t - 4 potions of resistance
 B - 2 potions of flight
 C - 9 potions of curing
 D - 5 potions of ambrosia
 E - 3 potions of attraction
 L - 4 potions of lignification
 M - 2 potions of might
 N - 2 potions of brilliance
Miscellaneous
 n - a condenser vane (inert)
 Q - a lightning rod (1/4)
 X - a phial of floods


   Skills:
 + Level 17.0 Fighting
 - Level 14.0 Polearms
 + Level 14.2 Throwing
 - Level 6.0 Dodging
 - Level 4.0 Spellcasting
 * Level 3.9 Conjurations
 - Level 2.6 Fire Magic
 - Level 10.0 Air Magic
 - Level 2.0 Poison Magic
 * Level 5.2 Invocations
 * Level 0.0 Evocations


You had 6 spell levels left.
You knew the following spells:

 Your Spells              Type           Power      Damage    Failure   Level
a - Vhi's Electric Charg  Tloc/Air       42%        N/A       7%          3
b - Arcjolt               Conj/Air       14%        1d24      28%         5
m - Mephitic Cloud        Conj/Pois/Air  22%        N/A       6%          3
w - Swiftness             Air            39%        N/A       1%          3
x - Scorch                Fire           26%        2d6       9%          2

Your spell library contained the following spells:

 Spells                   Type           Power      Damage    Failure   Level
 Magic Dart               Conj           68%        1d6       3%          1
 Apportation              Tloc           6%         N/A       17%         1
 Necrotise                Necr           12%        1d4       17%         1
 Summon Small Mammal      Summ           12%        N/A       17%         1
 Call Imp                 Summ           6%         N/A       26%         2
 Ensorcelled Hibernation  Hex/Ice        6%         N/A       26%         2
 Passwall                 Tmut/Erth      2%         N/A       26%         2
 Volatile Blastmotes      Fire/Tloc      16%        2d11      30%         3
 Portal Projectile        Hex/Tloc       6%         N/A       45%         3
 Tukima's Dance           Hex            3%         N/A       45%         3
 Fulminant Prism          Conj/Hex       5%         3d7       61%         4
 Iskenderun's Mystic Bla  Conj/Tloc      10%        2d4       61%         4
 Animate Dead             Necr           3%         N/A       86%         4
 Blade Hands              Tmut           1%         N/A       99%         5
 Borgnjor's Vile Clutch   Necr/Erth      1%         N/A       99%         5
 Lee's Rapid Deconstruct  Erth           1%         3d4*      99%         5
 Death Channel            Necr           1%         N/A       100%        6
 Maxwell's Capacitive Co  Air            19%        ∞         100%        8


Dungeon Overview and Level Annotations

Branches:
Dungeon (13/15) Temple (1/1) D:5 Lair (5/5) D:10 Shoals (0/4) Lair:3 Snake (0/4) Lair:3 Slime (0/5) Lair:5 Orc (2/2) D:11 Elf (0/3) Orc:2 Vaults (0/5) D:12 D:13 Sewer (visited)

Altars:
Ashenzari
Cheibriados
Dithmenos
Elyvilon
Fedhas
Gozag
Hepliaklqana
Kikubaaqudgha
Makhleb
Nemelex Xobeh
Okawaru
Qazlal
Ru
Sif Muna
Trog
Uskayaw
Vehumet
Wu Jian
Xom
Yredelemnul
Zin
The Shining One
Jiyva

Shops:
D:6 =   D:11 (   Orc:1 [   Orc:2 (!![

Annotations:
D:13 Urug


Innate Abilities, Weirdness & Mutations

You are too large for most types of armour.
You have tough skin. (AC +1)


Message History

A centaur comes into view.
The centaur shouts! x2; You hear a shout!
The centaur wields a +0 shortbow.
The centaur shoots an arrow.
The arrow misses you.
A centaur warrior comes into view.
The centaur wields a +0 shortbow.
The centaur shoots an arrow.
The arrow hits you!
A centaur comes into view.
Urug shouts!
The centaur warrior shouts!
The centaur shouts!
You hear a shout! x2
A centaur comes into view.
The centaur wields a +2 shortbow of freezing.
It is covered in frost.
The centaur shoots an arrow.
The arrow hits you. The arrow freezes you.
The centaur wields a +0 shortbow.
The centaur shoots an arrow.
The arrow barely misses you.
Urug throws a javelin.
The javelin pierces through you!
The centaur shoots an arrow.
The arrow closely misses you. A divine shield forms around you!
You can no longer summon a divine warrior.
The centaur shoots an arrow.
The arrow hits you!
The centaur shoots an arrow.
You block the arrow.
The centaur warrior wields a +0 shortbow.
The centaur warrior shoots an arrow.
The arrow hits you!
Reach: z) +4 halberd (freeze)
Press: ? - help, Dir - move target, f - centaur
Aim: a centaur, wielding a +0 shortbow (haloed, about 9% to evade your +4 halberd of freezing)
Okay, then.
Clouds of thunder condense around you!
The condenser dries out!
A centaur warrior comes into view.
The centaur is engulfed in a thunderstorm.
You kill the centaur!
The centaur shoots an arrow.
The arrow hits you!
The centaur shoots an arrow.
The arrow hits you. The arrow freezes you.
The centaur shoots an arrow.
The arrow barely misses you.
The centaur shoots an arrow.
The arrow hits you! The arrow freezes you.
The centaur shoots an arrow.
You block the arrow.
Unknown command.
Reach: z) +4 halberd (freeze)
Press: ? - help, Dir - move target, f - centaur
Aim: a centaur, wielding a +0 shortbow (haloed, about 9% to evade your +4 halberd of freezing)
You reach to attack!
You hit the centaur. You freeze the centaur.
The centaur is lightly wounded.
Reach: z) +4 halberd (freeze)
Press: ? - help, Dir - move target, f/p - centaur
Aim: a centaur, wielding a +0 shortbow (lightly wounded, haloed, about 9% to evade your +4 halberd of freezing)
You slash the centaur! You freeze the centaur.
You kill the centaur!
The centaur warrior wields a +0 shortbow.
The centaur warrior shoots an arrow.
The arrow hits you!
The centaur shoots an arrow.
The arrow hits you but does no damage.
Reach: z) +4 halberd (freeze)
Press: ? - help, Dir - move target, f - centaur warrior
Aim: a centaur warrior, wielding a +0 shortbow (haloed, about 12% to evade your +4 halberd of freezing)
You reach to attack!
You hit the centaur warrior. You freeze the centaur warrior.
The centaur warrior is lightly wounded.
The centaur warrior shoots an arrow.
The arrow hits you.
The centaur shoots an arrow.
You block the arrow.
Reach: z) +4 halberd (freeze)
Press: ? - help, Dir - move target, f/p - centaur warrior
Aim: a centaur warrior, wielding a +0 shortbow (lightly wounded, haloed, about 12% to evade your +4 halberd of freezing)
You reach to attack!
You puncture the centaur warrior! You freeze the centaur warrior.
The centaur warrior is moderately wounded.
The centaur warrior shoots an arrow.
The arrow hits you!
The centaur shoots an arrow.
You block the arrow.
The centaur warrior shoots an arrow.
The arrow hits you!
* * * LOW HITPOINT WARNING * * *
Aiming: Thunderbolt
Press: ? - help, Shift-Dir - straight line, f/p - centaur warrior
Aim: a centaur warrior, wielding a +0 shortbow (moderately wounded, haloed)
The thunderbolt hits the centaur warrior.
The centaur warrior is lightly wounded.
The thunderbolt hits the centaur warrior!!
The centaur warrior is severely wounded.
The centaur warrior shoots an arrow.
The arrow hits you!!
* * * LOW HITPOINT WARNING * * *
Urug completely misses you.
Aiming: Thunderbolt
Press: ? - help, Shift-Dir - straight line, p - centaur warrior The thunderbolt hits the centaur!
The centaur is almost dead.
The thunderbolt hits the centaur warrior!
The centaur warrior is almost dead.
The thunderbolt hits Urug!!
Urug is moderately wounded.
You hear a shout!
The centaur warrior shoots an arrow.
The arrow hits you!!
* * * LOW HITPOINT WARNING * * *
Urug hits you with a +0 war axe of electrocution!!
* * * LOW HITPOINT WARNING * * *
The centaur warrior shoots an arrow.
The arrow hits you!
* * * LOW HITPOINT WARNING * * *
The centaur warrior shoots an arrow.
You block the arrow.
Unknown command.
Blink to where?
Press: ? - help, Dir - move target
As you read the scroll of blinking, it crumbles to dust.
Casting: Mephitic Cloud (mildly dangerous; 6% risk of failure)
Confirm with . or Enter, or press ? or * to list all spells.
You feel quick.
Urug throws a javelin.
The javelin pierces through you!
You die...

......).# .#
.......o######..#
.................
.................
###..####..######
#.. #..# #. #..#
# #..# #.@# #..#
#..### #..# #....
#..# #... #..#
#..# #..# #..#
#..# #..# #..#
###..# #..# #..#
.....# #..# #..#


You could see Urug.

Vanquished Creatures
  Saint Roka (Orc:2)
  Rupert (Lair:3)
  Gastronok (D:8)
  An orc warlord (Orc:2)
  5 hydras
  An ogre mage (Orc:1)
  A catoblepas (Lair:5)
  2 centaur warriors (D:13)
  A boulder beetle (Lair:4)
  5 two-headed ogres
  15 death yaks
  2 orc high priests (Orc:2)
  A deep troll shaman (Lair:5)
  The ghost of Fractals the Fighter, a novice OpBr of Dithmenos (D:8)
  Amaemon (Lair:3)
  Nergalle (Lair:3)
  2 skysharks (Lair:4)
  3 skeletal warriors (D:12)
  2 swamp dragons (Lair:3)
  6 orc knights (Orc:2)
  8 orc sorcerers
  2 ugly things
  A deep elf pyromancer (D:13)
  3 cyclopes
  5 black mambas
  Maurice (D:8)
  5 elephants (Lair:5)
  2 gargoyles
  An orange demon (Lair:3)
  13 cane toads
  7 komodo dragons
  4 rime drakes
  Psyche (D:11)
  A yaktaur (D:11)
  A queen bee (D:11)
  8 trolls
  4 polar bears
  15 blink frogs
  The ghost of domi the Digger, an amateur MeEE of Kikubaaqudgha (D:5)
  Prince Ribbit (D:9)
  11 saltlings (Orc:2)
  A slime creature (shapeshifter) (D:8)
  25 dream sheep (Lair:5)
  2 wyverns
  A vampire (D:12)
  A shadow (D:12)
  4 basilisks
  17 fire elementals
  23 yaks
  2 wraiths
  9 vampire mosquitoes
  8 humans (D:12)
  A steam dragon (Lair:3)
  14 two-headed ogre zombies (Orc:1)
  A warg (Orc:1)
  2 acid dragons (D:12)
  3 nagas (Lair:3)
  Pargi (Sewer)
  15 water moccasins
  26 orc warriors
  An ice beast (D:5)
  5 ogres
  A black bear (Lair:5)
  A sky beast (D:5)
  5 wolves
  9 centaurs
  2 phantoms
  10 bullfrogs
  2 kobold brigands
  2 scorpions
  2 gnoll sergeants
  13 wights
  30 killer bees
  5 howler monkeys
  5 jellies
  2 hounds
  19 orc priests
  A water moccasin simulacrum (D:5)
  2 gnoll boudas
  2 iguanas
  22 orc wizards
  2 scorpion simulacra (D:5)
  A killer bee simulacrum (D:5)
  Robin (D:4)
  13 gnolls
  9 adders
  A shadow imp (D:7)
  2 white imps
  A howler monkey simulacrum (D:5)
  3 worms
  4 dart slugs
  67 orcs
  13 bats
  3 endoplasms
  2 giant cockroaches (D:2)
  15 goblins
  9 hobgoblins
  2 jackals (D:2)
  4 quokkas
  9 ball pythons
  4 frilled lizards
  17 kobolds
  6 rats
633 creatures vanquished.

Vanquished Creatures (others)
  10 foxfires (D:3)
10 creatures vanquished.

Grand Total: 643 creatures vanquished

Notes
Turn   | Place    | Note
-------+----------+-------------------------------------------
     0 | D:1      | browni3141 the Ogre Cinder Acolyte began the quest for the
                  | Orb.
     0 | D:1      | Reached XP level 1. HP: 24/24 MP: 2/2
   212 | D:1      | Reached XP level 2. HP: 28/32 MP: 3/3
   225 | D:1      | Learned a level 2 spell: Scorch
   717 | D:2      | Reached XP level 3. HP: 35/39 MP: 1/4
   867 | D:2      | Identified the +9 mace "Vicoqy" {elec, Fly Int+3 Dex-4}
  1450 | D:2      | Reached XP level 4. HP: 48/48 MP: 1/5
  1811 | D:3      | Reached XP level 5. HP: 41/54 MP: 1/6
  1976 | D:3      | Found a glowing drain.
  1999 | Sewer    | Entered a sewer
  2062 | Sewer    | Noticed Pargi
  2098 | Sewer    | Killed Pargi
  2099 | Sewer    | Reached skill level 6 in Polearms
  2099 | Sewer    | Reached skill level 5 in Fighting
  2099 | Sewer    | Reached XP level 6. HP: 50/66 MP: 0/7
  2861 | D:4      | Noticed Robin
  3025 | D:4      | Reached skill level 6 in Fighting
  3688 | D:4      | Killed Robin
  4336 | D:4      | Reached XP level 7. HP: 31/75 MP: 1/8
  4924 | D:5      | Entered Level 5 of the Dungeon
  5000 | D:5      | Noticed Sigmund
  5002 | D:5      | Sigmund changed into Sigmund the killer bee
  5002 | D:5      | Noticed Sigmund
  5008 | D:5      | Killed Sigmund the killer bee
  5240 | D:5      | Found a runed translucent gate.
  5240 | D:5      | Found a runed translucent gate.
  5240 | D:5      | Found a runed translucent gate.
  5261 | D:5      | Found a staircase to the Ecumenical Temple.
  5280 | D:5      | Reached skill level 3 in Throwing
  5282 | Temple   | Entered the Ecumenical Temple
  5678 | D:5      | Reached XP level 8. HP: 46/83 MP: 0/9
  6523 | D:5      | Noticed domi's ghost (amateur MeEE)
  6712 | D:6      | Found Kaczuobi's Jewellery Shoppe.
  6934 | D:6      | Bought a ring of poison resistance for 240 gold pieces
  7151 | D:6      | Reached skill level 6 in Throwing
  7514 | D:6      | Reached XP level 9. HP: 72/86 MP: 0/10
  7749 | D:6      | Reached skill level 9 in Polearms
  8327 | D:7      | Found a hazy altar of Hepliaklqana.
  8328 | D:7      | Found a basalt altar of Yredelemnul.
  8329 | D:7      | Found a stormy altar of Qazlal.
  9240 | D:8      | Noticed a hornet
  9240 | D:8      | Found a transporter.
  9241 | D:8      | a hornet changed into a black bear
  9243 | D:8      | a black bear changed into a cane toad
  9243 | D:8      | Noticed a cane toad (shapeshifter)
  9245 | D:8      | Noticed Fractals's ghost (novice OpBr)
  9247 | D:8      | a cane toad changed into a meliai
  9247 | D:8      | Noticed a meliai (shapeshifter)
  9361 | D:8      | Found an iron altar of Okawaru.
  9396 | D:8      | Noticed Gastronok
  9405 | D:8      | Noticed a glowing orange brain
  9460 | D:8      | Killed Gastronok
  9461 | D:8      | Reached skill level 7 in Fighting
  9461 | D:8      | Reached XP level 10. HP: 104/104 MP: 11/11
  9510 | D:8      | Noticed a jorogumo
  9561 | D:8      | Found a transporter.
  9563 | D:8      | Noticed Maurice
  9579 | D:8      | Killed Maurice
  9580 | D:8      | Reached skill level 8 in Fighting
  9583 | D:8      | a jorogumo changed into a spark wasp
  9583 | D:8      | Noticed a spark wasp (shapeshifter)
  9598 | D:8      | a spark wasp changed into an ettin
  9598 | D:8      | Noticed an ettin (shapeshifter)
  9599 | D:8      | an ettin changed into an anaconda
  9599 | D:8      | Noticed an anaconda (shapeshifter)
  9616 | D:8      | an anaconda changed into a bunyip
  9616 | D:8      | Noticed a bunyip (shapeshifter)
  9810 | D:8      | Noticed a jorogumo
 10090 | D:8      | Noticed a two-headed ogre
 10219 | D:8      | Learned a level 3 spell: Mephitic Cloud
 10321 | D:9      | Noticed Prince Ribbit
 10327 | D:9      | Killed Prince Ribbit
 10927 | D:10     | Entered Level 10 of the Dungeon
 10966 | D:10     | Noticed a two-headed ogre
 10979 | D:10     | Killed a two-headed ogre
 11097 | D:10     | Reached skill level 9 in Fighting
 11304 | D:10     | Reached XP level 11. HP: 105/115 MP: 14/14
 11312 | D:10     | Reached skill level 12 in Polearms
 11561 | D:10     | Noticed a two-headed ogre
 11569 | D:10     | Killed a two-headed ogre
 11570 | D:10     | Reached skill level 9 in Throwing
 11774 | D:10     | Found a staircase to the Lair.
 12165 | Lair:1   | Entered Level 1 of the Lair of Beasts
 12489 | Lair:1   | You fall into a shaft and drop 1 floor!
 12750 | Lair:2   | Reached skill level 3 in Spellcasting
 12997 | Lair:1   | Reached skill level 10 in Fighting
 13712 | Lair:3   | Found a staircase to the Shoals.
 13719 | Lair:3   | Noticed a six-headed hydra
 13771 | Lair:3   | Found a transporter.
 13801 | Lair:3   | Found the +2 pair of slick slippers {slick, slippery, EV+4}
 13804 | Lair:3   | Noticed a swamp dragon
 13804 | Lair:3   | Noticed a swamp dragon
 13853 | Lair:3   | Found a transporter.
 13858 | Lair:3   | Noticed Amaemon
 13874 | Lair:3   | Killed Amaemon
 14017 | Lair:3   | Noticed Nergalle
 14028 | Lair:3   | Killed Nergalle
 14029 | Lair:3   | Reached skill level 3 in Air Magic
 14086 | Lair:3   | Killed a six-headed hydra
 14087 | Lair:3   | Reached XP level 12. HP: 123/128 MP: 18/18
 14195 | Lair:3   | Found a staircase to the Snake Pit.
 14328 | Lair:3   | Noticed Rupert
 14339 | Lair:3   | Killed Rupert
 14340 | Lair:3   | Reached skill level 11 in Fighting
 14700 | Lair:4   | Noticed a death yak
 14717 | Lair:4   | Killed a death yak
 14730 | Lair:4   | Noticed a death yak
 14730 | Lair:4   | Noticed a death yak
 14732 | Lair:4   | Noticed a death yak
 14732 | Lair:4   | Noticed a death yak
 14733 | Lair:4   | Noticed a death yak
 14750 | Lair:4   | Killed a death yak
 14768 | Lair:4   | Killed a death yak
 14810 | Lair:3   | Killed a death yak
 15008 | Lair:4   | Noticed a boulder beetle
 15017 | Lair:4   | Killed a boulder beetle
 15018 | Lair:4   | Reached skill level 12 in Fighting
 15077 | Lair:4   | Noticed a skyshark
 15084 | Lair:4   | Killed a skyshark
 15159 | Lair:4   | Noticed a seven-headed hydra
 15164 | Lair:4   | Killed a seven-headed hydra
 15479 | Lair:4   | Noticed a skyshark
 15494 | Lair:4   | Killed a skyshark
 15495 | Lair:4   | Reached skill level 13 in Fighting
 15941 | Lair:4   | Killed a death yak
 15942 | Lair:4   | Reached XP level 13. HP: 144/144 MP: 19/19
 16107 | Lair:5   | Entered Level 5 of the Lair of Beasts
 16177 | Lair:5   | Learned a level 3 spell: Swiftness
 16181 | Lair:5   | Learned a level 3 spell: Vhi's Electric Charge
 16267 | Lair:5   | Reached skill level 12 in Throwing
 16270 | Lair:5   | Reached skill level 14 in Fighting
 17224 | Lair:5   | Reached skill level 6 in Air Magic
 17263 | Lair:5   | Reached skill level 3 in Dodging
 17796 | Lair:5   | Found a viscous altar of Jiyva.
 17797 | Lair:5   | Found a staircase to the Slime Pits.
 17864 | Lair:5   | Reached XP level 14. HP: 137/157 MP: 8/20
 18025 | Lair:5   | Reached skill level 15 in Fighting
 19000 | Temple   | Fell from the grace of Ignis
 19000 | Temple   | Became a worshipper of the Shining One
 19146 | D:8      | a tyrant leech changed into a broodmother
 19146 | D:8      | Noticed a broodmother (shapeshifter)
 19321 | D:8      | a broodmother changed into a slime creature
 19351 | D:8      | Killed Fractals's ghost
 19443 | D:5      | Killed domi's ghost
 19730 | Lair:3   | Identified the +4 ring mail "Soips" {rElec Dex+2}
 19866 | D:11     | Found a staircase to the Orcish Mines.
 19877 | D:11     | Found Hell's Antique Weapon Emporium.
 20230 | D:11     | Noticed Psyche
 20249 | D:11     | Reached skill level 9 in Air Magic
 20278 | D:11     | Killed Psyche
 20500 | D:11     | Reached * piety under the Shining One
 21082 | Orc:1    | Entered Level 1 of the Orcish Mines
 21193 | Orc:1    | Reached ** piety under the Shining One
 21557 | Orc:2    | Entered Level 2 of the Orcish Mines
 21725 | Orc:1    | Reached skill level 16 in Fighting
 21757 | Orc:2    | Noticed an orc warlord
 21777 | Orc:2    | Killed an orc warlord
 21941 | Orc:2    | Reached XP level 15. HP: 149/170 MP: 21/21
 22174 | Orc:2    | Noticed Saint Roka
 22176 | Orc:2    | Reached *** piety under the Shining One
 22191 | Orc:2    | Paralysed by an orc sorcerer for 5 turns
 22192 | Orc:2    | Killed Saint Roka
 22332 | Orc:2    | Found a staircase to the Elven Halls.
 22648 | Orc:2    | Found Reotugg's Weapon Shop.
 22700 | Orc:2    | Reached skill level 3 in Invocations
 22749 | Orc:2    | Found Oquat's Antique Armour Shoppe.
 22751 | Orc:2    | Found Xeklobit's Distillery.
 22757 | Orc:2    | Bought a potion of cancellation for 96 gold pieces
 22757 | Orc:2    | Bought a potion of curing for 36 gold pieces
 22757 | Orc:2    | Bought a potion of curing for 36 gold pieces
 22757 | Orc:2    | Bought a potion of haste for 120 gold pieces
 22778 | Orc:2    | Found Xituu's Distillery.
 22816 | Orc:2    | Bought a potion of curing for 51 gold pieces
 22816 | Orc:2    | Bought a potion of curing for 51 gold pieces
 22898 | Orc:2    | Learned a level 5 spell: Arcjolt
 22981 | Orc:1    | Found Urphop Pau's Armour Shoppe.
 23369 | Orc:1    | Reached **** piety under the Shining One
 23420 | Orc:1    | Reached skill level 6 in Dodging
 23796 | D:12     | Reached skill level 3 in Conjurations
 24505 | D:13     | Noticed Urug
 24505 | D:13     | Found a gate to the Vaults.
 24662 | D:13     | Reached skill level 17 in Fighting
 24787 | D:13     | Reached ***** piety under the Shining One
 24958 | D:13     | HP: 5/174 [centaur warrior/arrow (13)]
 24960 | D:13     | Hit by a javelin thrown by Urug

Illustrated notes

Levels and vault maps discovered:
D:1:      nicolae_arrival_somewhat_less_tricky_arrival, layout_rooms,
          hangedman_decor_growths, serial_bayou_pond_a
D:2:      layout_loops_ring, kennysheep_generic_room_7
D:3:      layout_rooms, cheibrodos_sewer_entry_bend, minmay_bisected
D:4:      layout_layer_cave, kennysheep_generic_room_13, uniq_robin
D:5:      layout_loops_corners, minmay_temple_entry_tees, gammafunk_ghost_icy,
          uniq_sigmund
D:6:      layout_loops_ring, serial_shops, nicolae_shop_gaudy_bauble,
          supply_closet_lemuel
D:7:      layout_basic, chequers_temple_overflow_statue_of_worship,
          hangedman_decor_diamond_cutter
D:8:      layout_basic, mainiacjoe_overflow_cross_hatched,
          gammafunk_ghost_arena, kennysheep_generic_room_2, uniq_maurice,
          uniq_gastronok
D:9:      layout_irregular_city, uniq_prince_ribbit1
D:10:     layout_stronghold, lair_entry_dummy, kennysheep_dice
D:11:     layout_roguey [special_room_bee], orc_0_dummy, serial_shops, shop,
          minivault_10, uniq_psyche
D:12:     layout_loops_cross
D:13:     layout_small_grid, david_vaults_3, sword_in_stone
Temple:   dpeg_three_leaves_temple
Lair:1:   layout_chaotic_city, infiniplex_staircase_pool
Lair:2:   layout_cave_pods, grunt_megastairs_5, serial_bayou_shore_b
Lair:3:   gammafunk_cloud_chamber, layout_gridlike, elwin_shoals_entry_rocks,
          nicolae_snake_entry_squirm, uniq_nergalle, uniq_rupert, uniq_amaemon
Lair:4:   layout_regular_city, lemuel_fruit_tree
Lair:5:   grunt_lair_end_beastmaster, layout_cave_pods,
          dpeg_slime_entry_enclosed, serial_bayou_lagoon_a
Orc:1:    lemuel_ogre_cave, layout_diamond_mine, serial_shops,
          nicolae_shop_behind_doors
Orc:2:    hellmonk_orc_salted, layout_diamond_mine, uniq_saint_roka

Skill      XL: |  1  2  3  4  5  6  7  8  9 10 11 12 13 14 15 |
---------------+----------------------------------------------+-----
Polearms       | 4 5 6 7 8 10 11 13 14 | 14.0
Fighting       | 5 6 7 9 10 13 14 16 17 | 17.0
Throwing       | 2 4 6 8 9 11 12 13 14 | 14.2
Conjurations   | 2 3 |  3.9
Air Magic      | 2 3 4 6 9 10 | 10.0
Poison Magic   | 2 |  2.0
Spellcasting   | 2 4 |  4.0
Dodging        | 4 5 6 |  6.0
Invocations    | 5 |  5.2
Fire Magic     | |  2.6

Action                     |  1- 3 |  4- 6 |  7- 9 | 10-12 | 13-15 || total
---------------------------+-------+-------+-------+-------+-------++-------
  Melee: Spear             |   172 |   200 |   247 |       |       ||   619
         Punch             |     2 |     2 |     7 |       |       ||    11
         Halberd           |       |       |    46 |   336 |   986 ||  1368
         Trident           |       |       |    14 |       |       ||    14
   Fire: Sling             |       |     5 |       |       |       ||     5
  Throw: Boomerang         |       |       |       |    85 |   116 ||   201
         Dart              |       |       |       |     9 |    10 ||    19
         Javelin           |       |       |       |       |     3 ||     3
         Throwing net      |       |       |       |       |     1 ||     1
   Cast: Scorch            |     3 |    24 |    84 |       |       ||   111
         Mephitic Cloud    |       |       |       |     7 |    33 ||    40
         Swiftness         |       |       |       |       |     5 ||     5
 Invoke: Foxfire Swarm     |       |     1 |       |       |       ||     1
         Fiery Armour      |       |     2 |     2 |     3 |     1 ||     8
         Divine Shield     |       |       |       |       |     1 ||     1
  Evoke: Wand              |       |     8 |     6 |    14 |    10 ||    38
         Lightning rod     |       |       |       |       |    11 ||    11
         Condenser vane    |       |       |       |       |     2 ||     2
         Phial of floods   |       |       |       |       |     1 ||     1
    Use: Scroll            |       |     9 |     2 |     6 |     7 ||    24
         Potion            |       |       |     1 |       |     6 ||     7
   Stab: Confused          |       |       |       |     3 |     5 ||     8
         Distracted        |       |       |       |       |     1 ||     1
 Armour: Robe              |    45 |    90 |    66 |    69 |   227 ||   497
         Skin              |       |       |       |       |     2 ||     2
         Acid dragon scale |       |       |       |       |    87 ||    87
  Dodge: Dodged            |    70 |   100 |    99 |   102 |   399 ||   770
  Block: Other             |       |       |       |       |     5 ||     5
